 Dungeon Crawl Stone Soup version 0.31.0 (webtiles) character file.

Game seed: 7656279486228624682

122 qw the Shooter (level 5, 0/32 HPs)
             Began as a Gargoyle Hunter on Jan 20, 2024.
             Slain by a gnoll
             ... wielding a +0 spear
              (6 damage)
             ... on level 3 of the Dungeon.
             The game lasted 00:00:09 (1477 turns).

qw the Shooter (Gargoyle Hunter)                    Turns: 1477, Time: 00:00:09

Health: 0/32       AC:  9    Str: 14    XL:     5   Next: 6%
Magic:  5/5        EV: 11    Int: 10    God:
Gold:   103        SH:  0    Dex: 15    Spells: 4/4 levels left

rFire   . . .        a - +0 shortbow
rCold   . . .        (shield currently unavailable)
rNeg    + . .        c - +0 leather armour
rPois   inf          (no helmet)
rElec   +            (no cloak)
rCorr   .            g - +1 pair of gloves
SInv    .            (no boots)
Will    +....        (no amulet)
Stlth   ++           b - ring of willpower
HPRegen 0.25/turn    (no ring)
MPRegen 0.09/turn

%: no passive effects
@: about to teleport
A: sickness immunity, AC +4, negative energy resistance 1, electricity
resistance, torment resistance 1, petrification resistance
a: no special abilities


You were on level 3 of the Dungeon.
You visited 1 branch of the dungeon, and saw 3 of its levels.

You collected 103 gold pieces.


Innate Abilities, Weirdness & Mutations

You are immune to sickness and miasma.
Your stone body is resilient. (AC +4)
You are immune to poison.
You resist negative energy. (rN+)
You are resistant to electric shocks. (rElec)
You are resistant to unholy torment.
You are immune to petrification.


   Skills:
 - Level 3.1 Fighting
 + Level 5.8 Ranged Weapons
 - Level 1.5 Dodging
 - Level 1.1 Stealth


You had 4 spell levels left.
You didn't know any spells.
Your spell library was empty.

Inventory:

Hand Weapons
 a - a +0 shortbow (weapon)
Armour
 c - a +0 leather armour (worn)
 f - the +3 leather armour of the Original Sin {rF- rN++ Dex+3 SInv}
   (You found it on level 3 of the Dungeon)

   Dex+3:     It affects your dexterity (+3).
   rF-:       It makes you vulnerable to fire.
   rN++:      It greatly protects you from negative energy.
   SInv:      It lets you see invisible.
 g - a +1 pair of gloves (worn)
Jewellery
 b - a ring of willpower (left hand)
Scrolls
 d - a scroll of teleportation
 e - a scroll of identify
Potions
 h - a potion of curing

Dungeon Overview and Level Annotations

Branches:
Dungeon (3/15)

Altars:


Message History

You shoot an arrow. The arrow hits the gnoll.
The gnoll is moderately wounded.
The gnoll closely misses you.
You shoot an arrow. The arrow hits the gnoll.
The gnoll is heavily wounded.
The gnoll closely misses you.
You shoot an arrow. The arrow hits the gnoll.
The gnoll is almost dead.
The gnoll hits you with a +0 whip.
You shoot an arrow.
The arrow hits the gnoll but does no damage.
The gnoll is almost dead.
The gnoll completely misses you.
You shoot an arrow. The arrow barely misses the gnoll.
The arrow hits the gnoll.
The gnoll is moderately wounded.
The gnoll barely misses you.
You shoot an arrow. The arrow hits the gnoll.
You kill the gnoll!
The gnoll hits you with a +0 whip!
You have reached level 5!
You shoot an arrow. The arrow hits the gnoll.
The gnoll is moderately wounded.
The gnoll barely misses you. The gnoll closely misses you.
You shoot an arrow. The arrow closely misses the gnoll. x2
The gnoll hits you from afar with a +0 spear.
The gnoll hits you with a +0 whip.
You shoot an arrow. The arrow barely misses the gnoll.
The arrow hits the gnoll!
The gnoll is almost dead.
The gnoll closely misses you. The gnoll barely misses you.
You shoot an arrow. The arrow hits the gnoll.
The gnoll is severely wounded.
The gnoll barely misses you. The gnoll hits you with a +0 whip.
1476 ||| READING 2 scrolls of teleportation.
As you read the scroll of teleportation, it crumbles to dust.
You feel strangely unstable. The gnoll completely misses you.
The gnoll hits you but does no damage.
You shoot an arrow. The arrow hits the gnoll!
You kill the gnoll!
The gnoll hits you from afar with a +0 spear.
You die...

#.... .....
# #.### ..
#) .. .###)
########
.....g#####
#....#~#
.....g)@..#
#.#.##~###
#########.#
#.#...~...
########.#
#.##..~.##
#........#
#.###.~.#
#.########
#.# ##~##
#.# #.# #~#
#.#
#.####~#
#.#
#.##.####
#.#
#.#.....##


You could see 2 gnolls.

Vanquished Creatures
  An orc wizard (D:3)
  5 gnolls
  2 adders (D:2)
  A dart slug (D:2)
  2 bats (D:1)
  An endoplasm (D:2)
  A giant cockroach (D:1)
  5 goblins
  5 hobgoblins
  7 jackals (D:1)
  A quokka (D:2)
  A ball python (D:1)
  A frilled lizard (D:1)
  5 kobolds
  A rat (D:1)
39 creatures vanquished.

Notes
Turn   | Place    | Note
-------+----------+-------------------------------------------
     0 | D:1      | qw the Gargoyle Hunter began the quest for the Orb.
     0 | D:1      | Reached XP level 1. HP: 12/12 MP: 1/1
     0 | D:1      | 0 ||| qw: Version: 0.3-a-132-g3d54051
     0 | D:1      | 0 ||| qw: Game counter: 535
     0 | D:1      | 0 ||| qw: Melee chars always use a shield: true
     0 | D:1      | 0 ||| qw: God list: Okawaru
     0 | D:1      | 0 ||| qw: Allow faded altars: false
     0 | D:1      | 0 ||| qw: Do Orc after clearing Dungeon:15 true
     0 | D:1      | 0 ||| qw: Do second Lair branch before Depths: true
     0 | D:1      | 0 ||| qw: Lair rune preference: random
     0 | D:1      | 0 ||| qw: Goals: Normal
     0 | D:1      | 0 ||| PLANNING D:1-11
   176 | D:1      | Reached XP level 2. HP: 17/17 MP: 2/2
   432 | D:1      | Reached XP level 3. HP: 21/21 MP: 3/3
   652 | D:1      | 652 ||| DROPPING amulet of magic regeneration.
   653 | D:1      | 653 ||| READING 3 scrolls labelled IPRINT RUYNAYRGH.
   653 | D:1      | 653 ||| IDENTIFYING scroll labelled EKLAUWUEZA
   654 | D:1      | 654 ||| READING 2 scrolls of identify.
   654 | D:1      | 654 ||| IDENTIFYING scroll labelled LUUBI HICUR
   655 | D:1      | 655 ||| READING scroll of identify.
   655 | D:1      | 655 ||| IDENTIFYING scroll labelled XYXOFI GOFIAH
   656 | D:1      | 656 ||| READING scroll labelled PAREKIRAYRGH.
   657 | D:1      | 657 ||| DROPPING scroll of butterflies.
   658 | D:1      | 658 ||| DROPPING scroll of fear.
   659 | D:1      | 659 ||| DROPPING scroll of revelation.
   719 | D:2      | Reached skill level 5 in Ranged Weapons
   721 | D:2      | Found a faded altar of an unknown god.
   776 | D:2      | 776 ||| FLEEEEING.
   935 | D:2      | 935 ||| RETREEEEATING.
   936 | D:2      | 936 ||| RETREEEEATING.
   937 | D:2      | 937 ||| RETREEEEATING.
   939 | D:2      | Reached skill level 3 in Fighting
   939 | D:2      | Reached XP level 4. HP: 28/28 MP: 4/4
   948 | D:2      | 948 ||| FLEEEEING.
  1160 | D:2      | 1160 ||| UPGRADING to +0 pair of gloves.
  1165 | D:2      | 1165 ||| READING scroll of enchant armour.
  1165 | D:2      | 1165 ||| ENCHANTING +0 pair of gloves.
  1166 | D:2      | 1166 ||| UPGRADING to ring of willpower.
  1167 | D:2      | 1167 ||| READING scroll of identify.
  1167 | D:2      | 1167 ||| IDENTIFYING puce potion
  1168 | D:2      | 1168 ||| READING 3 scrolls labelled DANWIQ YFUDGHEYV.
  1169 | D:2      | 1169 ||| FLEEEEING.
  1172 | D:2      | 1172 ||| READING scroll labelled OGESKICY JOEKLEAV.
  1330 | D:3      | Identified the +3 leather armour of the Original Sin {rF-
                  | rN++ Dex+3 SInv}
  1388 | D:3      | 1388 ||| FLEEEEING.
  1389 | D:3      | 1389 ||| FLEEEEING.
  1393 | D:3      | 1393 ||| FLEEEEING.
  1394 | D:3      | 1394 ||| FLEEEEING.
  1398 | D:3      | 1398 ||| FLEEEEING.
  1399 | D:3      | 1399 ||| FLEEEEING.
  1400 | D:3      | 1400 ||| FLEEEEING.
  1406 | D:3      | 1406 ||| FLEEEEING.
  1407 | D:3      | 1407 ||| FLEEEEING.
  1415 | D:3      | 1415 ||| FLEEEEING.
  1472 | D:3      | Reached XP level 5. HP: 19/32 MP: 5/5
  1475 | D:3      | HP: 5/32 [gnoll/+0 whip (4)]
  1476 | D:3      | 1476 ||| READING 2 scrolls of teleportation.
  1477 | D:3      | Slain by a gnoll

Levels and vault maps discovered:
D:1:      dpeg_arrival_concentric_ovals, layout_loops_ring,
          minmay_splitting_lines
D:2:      layout_rooms, dreamdust_ecumenical_altar_grove, nicolae_grassy_gnolls
D:3:      layout_loops_ring, mainiacjoe_overflow_large_starburst, serial_rivers,
          chequers_serial_rivers_room_b, chequers_serial_rivers_micro_a,
          chequers_serial_rivers_micro_b, chequers_serial_rivers_micro_b,
          chequers_serial_rivers_micro_d, uniq_robin

Skill      XL: |  1  2  3 |
---------------+----------+-----
Ranged Weapons | 5 |  5.8
Fighting       | 3 |  3.1
Dodging        | |  1.5
Stealth        | |  1.1

Action                     |  1- 3 |  4- 6 || total
---------------------------+-------+-------++-------
   Fire: Shortbow          |   113 |    36 ||   149
    Use: Scroll            |     4 |     5 ||     9
 Armour: Leather armour    |    20 |    12 ||    32
  Dodge: Dodged            |    30 |    14 ||    44

Table legend:
 A = Non-vault XP
 B = Vault XP
 C = Vault XP percentage of total XP
 D = Non-vault monster count
 E = Vault monster count
 F = Vault count percentage of total count
                 A         B        C        D         E       F
            +---------+---------+-------+---------+---------+-------
      Total |     146 |      43 |  22.8 |      36 |       3 |   7.7
            +---------+---------+-------+---------+---------+-------
        D:1 |      38 |       0 |   0.0 |      22 |       0 |   0.0
        D:2 |      44 |      43 |  49.4 |      10 |       3 |  23.1
        D:3 |      64 |       0 |   0.0 |       4 |       0 |   0.0
            +---------+---------+-------+---------+---------+-------
